 Dungeon Crawl Stone Soup version 0.15.2 (webtiles) character file.

1206 ztt the Ruffian (level 8, -1/79 HPs)
             Began as a Troll Berserker on Nov 13, 2014.
             Was an Elder of Trog.
             Slain by a wyvern (8 damage)
             ... on Level 8 of the Dungeon.
             The game lasted 00:05:02 (2431 turns).

ztt the Ruffian (Troll Berserker)                   Turns: 2431, Time: 00:05:02

HP  -1/79        AC  5     Str 28      XL: 8   Next: 21%
MP   3/3         EV 11     Int  3      God: Trog [****..]
Gold 234         SH  0     Dex  9      Spells:  0 memorised,  7 levels left

rFire  . . .     SeeInvis .       - Unarmed
rCold  . . .     Clarity  .     j - +0 robe (curse)
rNeg   . . .     rCorr    .     (shield restricted)
rPois  .         rRot     .     (helmet restricted)
rElec  .         Spirit   .     (no cloak)
SustAb .         Warding  .     (gloves unavailable)
rMut   .         Stasis   .     (boots unavailable)
Gourm  +                        (no amulet)
MR     .....                    (no ring)
                                (no ring)

@: not resistant to hostile enchantments, very unstealthy
A: unfitting armour, claws 3, fast metabolism 3, gourmand, regeneration 2,
saprovore 2, shaggy fur 1, tough skin 2
a: Burn Spellbooks, Berserk, Trog's Hand, Brothers in Arms, Renounce Religion


You were on level 8 of the Dungeon.
You worshipped Trog.
Trog was greatly pleased with you.
You were not hungry.

You visited 1 branch of the dungeon, and saw 8 of its levels.

You collected 234 gold pieces.

Inventory:

Armour
 b - a +0 animal skin
 j - a cursed +0 robe (worn)
Magical devices
 c - a wand of polymorph (4) {unknown}
 n - a wand of teleportation (4) {unknown}
Comestibles
 a - 2 meat rations
 f - 2 bread rations
Scrolls
 d - 3 scrolls of teleportation
 g - a scroll of remove curse
 h - 2 scrolls of fog
 k - 4 scrolls of identify
 o - a scroll of recharging {unknown}
 p - a scroll of enchant weapon
Jewellery
 m - an uncursed amulet of guardian spirit {unknown}
Potions
 e - a potion of haste
 i - 2 potions of brilliance {unknown}
 l - a potion of heal wounds {unknown}
 q - a potion of magic {unknown}
 r - 2 potions of curing {unknown}


   Skills:
 + Level 4.9 Fighting
 + Level 5.5 Dodging
 + Level 0.5 Stealth
 + Level 6.6 Unarmed Combat


You had 7 spell levels left.
You didn't know any spells.

Dungeon Overview and Level Annotations

Branches:
Dungeon (8/15)             Temple (0/1) D:4
   Lair: D:8-11

Altars:
Qazlal

Shops:
D:6 *


Innate Abilities, Weirdness & Mutations

You are too large for most types of armour.
You have claws for hands.
Your metabolism is lightning-fast.
You like to eat raw meat.
You heal very quickly.
You can eat rotten meat.
You are covered in fur (AC +1).
You have very tough skin (AC +2).


Message History

The wyvern is heavily wounded.
The giant frog skeleton hits you but does no damage.
The wyvern bites you!
Use which ability? (? or * to list) You're too hungry to go berserk.
You scratch the wyvern but do no damage.
The wyvern is heavily wounded.
The giant frog skeleton closely misses you.
The wyvern bites you! The giant frog skeleton misses you.
Eat which item? (? for menu, Esc to quit)
The wyvern bites you. The giant frog skeleton hits you. The wyvern bites you!
You continue eating.
The wyvern bites you.
The giant frog skeleton hits you but does no damage.
You continue eating.
The wyvern bites you!
* * * LOW HITPOINT WARNING * * *
The giant frog skeleton barely misses you.
The wyvern bites you!
You die...

### #?.
#.### #...
####.. #
#....# .#
#<##..#
#....>#.##
#@Dg......
#Z###.#...
#.# .. ###
..


You could see a wyvern (bleeding), a hobgoblin and a giant frog skeleton.

Vanquished Creatures
  An ice beast (D:7)
  A necrophage (D:5)
  2 centaurs
  2 phantoms
  3 giant frogs (D:6)
  A crimson imp (D:5)
  A hound (D:6)
  2 iguanas (D:4)
  2 orc priests
  2 orc wizards
  3 worker ants
  4 gnolls (D:2)
  A scorpion zombie (D:6)
  5 adders
  A shadow imp (D:5)
  A worm (D:3)
  2 giant geckos
  An ooze (D:3)
  19 orcs
  9 bats
  A bat zombie (D:5)
  2 giant cockroaches (D:4)
  8 goblins
  8 hobgoblins
  3 jackals
  3 quokkas
  2 ball pythons
  4 giant newts
  A jackal skeleton (D:4)
  6 kobolds
  A kobold skeleton (D:4)
  An orc zombie (D:5)
  4 rats
107 creatures vanquished.

Notes
Turn   | Place    | Note
--------------------------------------------------------------
     0 | D:1      | ztt, the Troll Berserker, began the quest for the Orb.
     0 | D:1      | Reached XP level 1. HP: 22/22 MP: 1/1
   336 | D:2      | Reached XP level 2. HP: 29/29 MP: 1/1
   341 | D:2      | Reached XP level 3. HP: 15/36 MP: 2/2
   547 | D:2      | Found a stormy altar of Qazlal.
   763 | D:3      | Reached XP level 4. HP: 45/45 MP: 2/2
   802 | D:3      | Acquired Trog's second power
  1021 | D:4      | Found a staircase to the Ecumenical Temple.
  1042 | D:4      | Reached skill level 4 in Unarmed Combat
  1042 | D:4      | Reached XP level 5. HP: 35/53 MP: 2/2
  1283 | D:5      | Entered Level 5 of the Dungeon
  1299 | D:5      | Noticed a phantom
  1307 | D:5      | Killed a phantom
  1307 | D:5      | Reached XP level 6. HP: 62/62 MP: 3/3
  1515 | D:5      | Noticed a necrophage
  1520 | D:5      | Killed a necrophage
  1886 | D:5      | Reached skill level 5 in Unarmed Combat
  1995 | D:6      | Reached XP level 7. HP: 54/70 MP: 3/3
  2048 | D:6      | Found Mnigog's Assorted Antiques.
  2056 | D:6      | Reached skill level 5 in Dodging
  2147 | D:6      | Acquired Trog's third power
  2168 | D:6      | Reached skill level 6 in Unarmed Combat
  2254 | D:6      | Reached XP level 8. HP: 75/79 MP: 3/3
  2431 | D:8      | Slain by a wyvern

Action                   |  1- 3 |  4- 6 |  7- 9 || total
-------------------------+-------+-------+-------++-------
Melee: Unarmed           |    46 |   164 |    95 ||   305
Invok: Berserk           |     1 |     3 |       ||     4
       Burn Spellbooks   |       |       |     1 ||     1
  Use: Scroll            |       |     7 |       ||     7
  Eat: Chunk             |     6 |    11 |     1 ||    18
       Fruit             |       |     3 |       ||     3
       Pizza             |       |       |     1 ||     1
       Meat ration       |       |       |     1 ||     1
